 Dungeon Crawl Stone Soup version 0.30.0-18-gc0e69614cb (webtiles) character file.

Game seed: 8513806877432028778

6 CaptainMV the Gusty (level 1, 0/16 HPs)
             Began as a Demonspawn Wanderer on May 25, 2023.
             Frozen to death by an endoplasm (3 damage)
             ... on level 1 of the Dungeon.
             The game lasted 00:02:19 (319 turns).

CaptainMV the Gusty (Demonspawn Wanderer)            Turns: 319, Time: 00:02:20

Health: 0/16       AC:  2    Str:  8    XL:     1   Next: 75%
Magic:  0/2        EV: 11    Int: 15    God:
Gold:   14         SH:  0    Dex: 14    Spells: 1/2 levels left

rFire   . . .        a - +0 dagger
rCold   . . .        (no shield)
rNeg    . . .        c - +0 robe
rPois   .            (no helmet)
rElec   .            (no cloak)
rCorr   .            (no gloves)
SInv    .            (no boots)
Will    .....        (no amulet)
Stlth   +            (no ring)
HPRegen 0.22/turn    (no ring)
MPRegen 0.08/turn

%: no passive effects
@: no status effects
A: no striking features
a: no special abilities


You were on level 1 of the Dungeon.
You visited 1 branch of the dungeon, and saw 1 of its levels.

You collected 14 gold pieces.

Inventory:

Hand Weapons
 a - a +0 dagger (weapon)
Armour
 c - a +0 robe (worn)
Scrolls
 g - a scroll of fear {unknown}
Potions
 b - a potion of lignification
 d - a potion of attraction
 e - a potion of invisibility {unknown}
 f - a potion of haste {unknown}


   Skills:
 + Level 2.0 Fighting
 + Level 1.0 Armour
 + Level 1.0 Dodging
 + Level 1.0 Spellcasting
 + Level 1.0 Summonings
 + Level 3.9 Air Magic


You had one spell level left.
You knew the following spells:

 Your Spells              Type           Power      Damage    Failure   Level
a - Shock                 Conj/Air       24%        1d4       11%         1

Your spell library contained the following spells:

 Spells                   Type           Power      Damage    Failure   Level
 Summon Small Mammal      Summ           12%        N/A       16%         1
 Poisonous Vapours        Pois/Air       12%        N/A       17%         2
 Call Canine Familiar     Summ           3%         N/A       43%         3
 Airstrike                Air            6%         2d(1-17)  43%         4


Dungeon Overview and Level Annotations

Branches:
Dungeon (1/15)

Altars:


Message History

You miss the bat.
The bat is severely wounded.
The bat closely misses you. The bat hits you.
You closely miss the bat.
The bat is severely wounded.
The bat hits you but does no damage. The bat barely misses you.
The bat closely misses you.
You hit the bat.
You kill the bat!
An endoplasm comes into view.
Found a whip.
Casting: Shock (safe; 11% risk of failure)
Confirm with . or Enter, or press ? or * to list all spells.
Aiming: Shock (safe; 11% risk of failure)
Press: ? - help, Shift-Dir - straight line, f - endoplasm
Aim: an endoplasm (asleep, 100% to hit)
The zap hits the endoplasm.
The endoplasm is heavily wounded.
The endoplasm quivers.
Casting: Shock (safe; 11% risk of failure)
Confirm with . or Enter, or press ? or * to list all spells.
Aiming: Shock (safe; 11% risk of failure)
Press: ? - help, Shift-Dir - straight line, f/p - endoplasm
Aim: an endoplasm (heavily wounded, 97% to hit)
The zap hits the endoplasm.
The endoplasm is almost dead.
You hit the endoplasm but do no damage.
The endoplasm is almost dead.
The endoplasm misses you.
You barely miss the endoplasm.
The endoplasm is almost dead.
The endoplasm freezes you.
You are frozen.
* * * LOW HITPOINT WARNING * * *
You hit the endoplasm but do no damage.
The endoplasm is almost dead.
The endoplasm freezes you.
You are frozen.
You die...

#.....#
####'###
#.....# #
#.....#.#
#.....#.#
####.......#
...........#
#####....#.##
......J@...#
......###..#
...... ..(#
...... .#...
...## ...###
..) ## # .


You could see an endoplasm.

Vanquished Creatures
  2 ball pythons (D:1)
  2 bats (D:1)
  An endoplasm (D:1)
  A rat (D:1)
6 creatures vanquished.

Notes
Turn   | Place    | Note
-------+----------+-------------------------------------------
     0 | D:1      | CaptainMV the Demonspawn Wanderer began the quest for the
                  | Orb.
     0 | D:1      | CaptainMV set off with the following items: a +0 dagger, a
                  | potion of lignification, a +0 robe, a potion of attraction;
                  | and the following spells available to memorise: Shock,
                  | Summon Small Mammal, Poisonous Vapours, Call Canine
                  | Familiar, Airstrike.
     0 | D:1      | Reached XP level 1. HP: 16/16 MP: 2/2
     2 | D:1      | Learned a level 1 spell: Shock
   319 | D:1      | Frozen to death by an endoplasm

Illustrated notes

Levels and vault maps discovered:
D:1:      sevenhm_arrival_forest_fort_large_2, layout_basic,
          kennysheep_small_spiral, hangedman_abyss_or_decor_stabs,
          nrook_loot_triangle, nicolae_grassy_gnolls

Action                     || total
---------------------------++-------
  Melee: Dagger            ||    24
   Cast: Shock             ||     8
 Armour: Robe              ||    16
  Dodge: Dodged            ||    31
